[Event "ICC tourney 1944 (30 5)"]
[Site "Internet Chess Club"]
[Date "2020.08.01"]
[Round "3"]
[White "arock"]
[Black "knighthawkmill"]
[Result "0-1"]
[ICCResult "White forfeits on time"]
[WhiteElo "1498"]
[BlackElo "1697"]
[Opening "French: advance variation"]
[ECO "C02"]
[NIC "FR.03"]
[Time "15:06:43"]
[TimeControl "1800+5"]

1. e4 e6 2. d4 d5 3. e5 c5 4. c3 a5 5. Bb5+ Bd7 6. Bxd7+ Qxd7 7. Nf3 a4 8.
O-O Nc6 9. Be3 b6 10. Qc2 c4 11. Nbd2 b5 12. b3 Nge7 13. bxc4 bxc4 14. Rab1
Nf5 15. Rb6 Nxe3 16. fxe3 Be7 17. Rfb1 O-O 18. Rb7 Qd8 19. e4 g6 20. exd5
exd5 21. Re1 Qc8 22. Rbb1 Qe6 23. Nf1 a3 24. Qd2 Kg7 25. Ng3 h6 26. Qf2 Rfb8
27. Ne2 g5 28. Ng3 Qg6 29. Nd2 Kg8 30. Nf5 Bf8 31. g4 Rb2 32. Qe3 Rab8 33.
h3 Rxb1 34. Rxb1 Rb2 35. Qe1 Rxa2 36. Ra1 Rxa1 37. Qxa1 Ne7 38. Nxe7+ Bxe7
39. Nb1 Qd3 40. Nxa3 Qg3+ 41. Kf1 Qxh3+ {White forfeits on time} 0-1

[Event "ICC tourney 1944 (30 5)"]
[Site "Internet Chess Club"]
[Date "2020.08.01"]
[Round "3"]
[White "rthurc2"]
[Black "CoastalJourney"]
[Result "1-0"]
[ICCResult "Black resigns"]
[WhiteElo "1594"]
[BlackElo "1305"]
[Opening "Scandinavian: Marshall variation"]
[ECO "B01"]
[NIC "SD.03"]
[Time "15:06:45"]
[TimeControl "1800+5"]

1. e4 d5 2. exd5 Nf6 3. d4 Nxd5 4. c4 Nb6 5. Nf3 Bg4 6. Nbd2 e6 7. h3 Bh5 8.
Be2 Be7 9. O-O Nc6 10. Nb3 O-O 11. Bf4 Bd6 12. Bxd6 cxd6 13. Rc1 Rc8 14. Qd2
Bg6 15. Rfe1 h6 16. a3 Re8 17. Bd3 Bxd3 18. Qxd3 d5 19. c5 Nd7 20. Nbd2 Nf6
21. b4 a6 22. Ne5 Nxe5 23. Rxe5 Nd7 24. Re3 Nf6 25. Rce1 Qc7 26. g3 Rf8 27.
Rf3 Rfe8 28. Re5 Nd7 29. Rh5 Nf8 30. Qe3 Ng6 31. g4 Qe7 32. g5 hxg5 33. Qxg5
Qxg5+ 34. Rxg5 Re7 35. Rfg3 Kf8 36. Nf3 Nf4 37. Kf1 g6 38. Ne5 Nh5 39. Rf3
Kg7 40. Rg1 Rh8 41. Ke2 Nf6 42. Ke3 Nd7 43. Nxd7 Rxd7 44. a4 Ra8 45. Kf4 Rh8
46. b5 axb5 47. axb5 Rh4+ 48. Ke3 Re4+ 49. Kd3 Rd8 50. Ra1 Rh4 51. Ra7 Rb8
52. Kc3 Rhh8 53. Kb4 Rh4 54. Ka5 Rhh8 55. Kb6 Rh4 56. Rd3 Rf4 57. Kc7 Re8
58. Rxb7 Re7+ 59. Kb6 Rxb7+ 60. Kxb7 Rxf2 61. Rc3 Rb2 62. b6 e5 63. c6 exd4
64. Rd3 f5 65. c7 {Black resigns} 1-0

[Event "ICC tourney 1944 (30 5)"]
[Site "Internet Chess Club"]
[Date "2020.08.01"]
[Round "3"]
[White "FlowingMelody"]
[Black "rpughiii"]
[Result "0-1"]
[ICCResult "White checkmated"]
[WhiteElo "1282"]
[BlackElo "1329"]
[Opening "Pirc defense"]
[ECO "B07"]
[NIC "PU.08"]
[Time "15:06:38"]
[TimeControl "1800+5"]

1. e4 d6 2. d4 Nf6 3. Nc3 Nbd7 4. Bc4 e5 5. dxe5 dxe5 6. Nf3 h6 7. O-O c6 8.
h3 Bb4 9. Bd2 O-O 10. a3 Ba5 11. Qe2 Qe7 12. Rad1 b5 13. Ba2 Bb6 14. Be3 a5
15. Bxb6 Nxb6 16. Qe3 Nfd7 17. Ne2 b4 18. axb4 axb4 19. Bb3 Ba6 20. Rfe1 Nc4
21. Bxc4 Bxc4 22. Ng3 Ra2 23. b3 Be6 24. Qd2 Qc5 25. Rc1 Rfa8 26. Red1 Qb5
27. Qd3 Qa5 28. Qd6 c5 29. Qd3 Qa3 30. Nf5 Qb2 31. Ne7+ Kh7 32. Qe2 c4 33.
Ng5+ Kh8 34. Nxe6 fxe6 35. Qxc4 Ra1 36. Rxa1 Rxa1 37. Rxa1 Qxa1+ 38. Kh2 Qc3
39. Qxe6 Nf6 40. Qc8+ Qxc8 41. Nxc8 Nxe4 42. f3 Nc3 43. Nd6 Kh7 44. Kg3 Kg6
45. Kf2 Kg5 46. Ne4+ Nxe4+ 47. fxe4 Kf4 48. g3+ Kxe4 49. Ke2 Kd4 50. Kf3 e4+
51. Ke2 e3 52. g4 g5 53. Kf3 Kc3 54. Kxe3 Kxc2 55. Ke4 Kxb3 56. Kf5 Kc3 57.
Kg6 b3 58. Kxh6 b2 59. Kxg5 b1=Q 60. h4 Qb5+ 61. Kg6 Qc6+ 62. Kg7 Qd7+ 63.
Kh6 Qxg4 64. h5 Kd4 65. Kh7 Qxh5+ 66. Kg7 Qf5 67. Kh8 Ke5 68. Kg7 Qf6+ 69.
Kg8 Ke6 70. Kh7 Qg5 71. Kh8 Kf6 72. Kh7 Qg7# {White checkmated} 0-1

[Event "ICC tourney 1944 (30 5)"]
[Site "Internet Chess Club"]
[Date "2020.08.01"]
[Round "4"]
[White "DrPatzenGambino"]
[Black "stgummadi"]
[Result "1-0"]
[ICCResult "Black resigns"]
[WhiteElo "1509"]
[BlackElo "1460"]
[Opening "Sicilian: Smith-Morra gambit"]
[ECO "B21"]
[NIC "SI.48"]
[Time "16:31:28"]
[TimeControl "1800+5"]

1. e4 c5 2. d4 cxd4 3. c3 Nc6 4. f4 dxc3 5. Nxc3 e6 6. Bc4 Nf6 7. Nf3 d6 8.
Be3 Be7 9. Qe2 O-O 10. O-O-O a6 11. Kb1 Qc7 12. Ng5 h6 13. h4 hxg5 14. hxg5
Nh7 15. Rxh7 Kxh7 16. Qh5+ Kg8 17. Rh1 f6 18. g6 {Black resigns} 1-0

[Event "ICC tourney 1944 (30 5)"]
[Site "Internet Chess Club"]
[Date "2020.08.01"]
[Round "4"]
[White "Vish1080"]
[Black "Jeffchess"]
[Result "1-0"]
[ICCResult "Black checkmated"]
[WhiteElo "1597"]
[BlackElo "1423"]
[Opening "Queen's Indian: 4.Nc3"]
[ECO "E12"]
[NIC "QI.02"]
[Time "16:31:26"]
[TimeControl "1800+5"]

1. Nf3 Nf6 2. c4 e6 3. d4 b6 4. Nc3 Bb7 5. Bg5 Be7 6. Bxf6 Bxf6 7. e3 Nc6 8.
Be2 Ne7 9. O-O Bxf3 10. Bxf3 d5 11. Qa4+ Qd7 12. Qxd7+ Kxd7 13. cxd5 Rad8
14. dxe6+ Kxe6 15. Bg4+ Kd6 16. Nb5+ Kd5 17. Rac1 c6 18. Nxa7 Ra8 19. Nxc6
Nxc6 20. Bf3+ Ke6 21. Rxc6+ Kf5 22. Rxf6+ Kxf6 23. Bxa8 Rxa8 24. a3 Rc8 25.
g3 Rc2 26. Rb1 Ke6 27. a4 Kd5 28. b4 Kc4 29. a5 b5 30. Kg2 Ra2 31. Kf3 Kd5
32. Rc1 Ra4 33. Rc5+ Kd6 34. Rxb5 Kc6 35. Rb6+ Kc7 36. Ke4 g6 37. f4 f5+ 38.
Ke5 Ra3 39. Kd5 Rxe3 40. Re6 Rb3 41. Kc4 Rb2 42. Re7+ Kb8 43. Rxh7 Ra2 44.
Kb5 Rd2 45. Rh8+ Kc7 46. a6 Ra2 47. Rh7+ Kb8 48. Kb6 Kc8 49. a7 g5 50. a8=Q+
Rxa8 51. Rh8+ Kd7 52. Rxa8 gxf4 53. gxf4 Kd6 54. h4 Kd5 55. h5 Kxd4 56. h6
Ke4 57. h7 Kxf4 58. h8=Q Kf3 59. Qh3+ Kf4 60. Re8 Kg5 61. Re5 Kg6 62. Qxf5+
Kg7 63. Re7+ Kg8 64. Qc8# {Black checkmated} 1-0

[Event "ICC tourney 1944 (30 5)"]
[Site "Internet Chess Club"]
[Date "2020.08.01"]
[Round "4"]
[White "welmo"]
[Black "ChessStar22"]
[Result "1/2-1/2"]
[ICCResult "Game drawn by mutual agreement"]
[WhiteElo "1310"]
[BlackElo "1347"]
[Opening "Caro-Kann: exchange variation"]
[ECO "B13"]
[NIC "CK.02"]
[Time "16:31:28"]
[TimeControl "1800+5"]

1. e4 c6 2. d4 d5 3. exd5 cxd5 4. Nf3 Nc6 5. Nc3 Nf6 6. Bf4 a6 7. h3 Bf5 8.
Bd3 Bxd3 9. Qxd3 e6 10. a3 Bd6 11. Bxd6 Qxd6 12. O-O h6 13. Rfe1 O-O 14. Ne5
Qc7 15. Nf3 Rfc8 16. Rac1 b5 17. Ne2 e5 18. dxe5 Nxe5 19. Nxe5 Qxe5 20. c3
Qc7 21. Ng3 Qc4 22. Qxc4 dxc4 23. Rcd1 Rd8 24. Kf1 Kf8 25. Kg1 Kg8 26. Kf1
Kf8 27. Kg1 {Game drawn by mutual agreement} 1/2-1/2

[Event "ICC tourney 1944 (30 5)"]
[Site "Internet Chess Club"]
[Date "2020.08.01"]
[Round "4"]
[White "yogokings12"]
[Black "MonkeyTown"]
[Result "1-0"]
[ICCResult "Black resigns"]
[WhiteElo "1544"]
[BlackElo "1408"]
[Opening "KGA: bishop's gambit"]
[ECO "C33"]
[NIC "KG.03"]
[Time "16:31:27"]
[TimeControl "1800+5"]

1. e4 e5 2. f4 exf4 3. Bc4 Be7 4. d4 Nf6 5. e5 Ne4 6. Bxf4 O-O 7. Nf3 Nc6 8.
Nc3 d5 9. Nxd5 Ng5 10. Nxe7+ Qxe7 11. Bxg5 Qb4+ 12. c3 Qxc4 13. Qe2 Qe6 14.
O-O Qg4 15. Be3 Be6 16. b3 Rad8 17. Rae1 Bd5 18. Ng5 Qxe2 19. Rxe2 h6 20.
Nf3 Ne7 21. Nd2 Be6 22. Ref2 b6 23. c4 c6 24. Ne4 Nc8 25. Bf4 Rxd4 26. Nd6
c5 27. Bg3 Ne7 28. Re2 Nc6 29. Nb5 Rfd8 30. Nxd4 Nxd4 31. Ref2 Rf8 32. h3
Rd8 33. Kh1 Rf8 34. Rd2 Rd8 35. Bf2 Kf8 36. Bxd4 cxd4 37. Rfd1 Ke7 38. Rxd4
Rxd4 39. Rxd4 Bd7 40. Kg1 Bc6 41. Rd2 Bd7 42. Kf2 Bc6 43. a3 Bd7 44. b4
{Black resigns}
1-0

[Event "ICC tourney 1944 (30 5)"]
[Site "Internet Chess Club"]
[Date "2020.08.01"]
[Round "4"]
[White "JadeTooth"]
[Black "Queen4aKing"]
[Result "1-0"]
[ICCResult "Black checkmated"]
[WhiteElo "1254"]
[BlackElo "1170"]
[Opening "Petrov: Cozio (Lasker) attack"]
[ECO "C42"]
[NIC "RG.03"]
[Time "16:31:26"]
[TimeControl "1800+5"]

1. e4 e5 2. Nf3 Nf6 3. Nxe5 d6 4. Nf3 Nxe4 5. Qe2 Qe7 6. d3 Nf6 7. Bg5 Nc6
8. Nc3 Bg4 9. Bxf6 Qxe2+ 10. Bxe2 gxf6 11. Nd5 O-O-O 12. Nxf6 Bg7 13. Nxg4
Bxb2 14. Rb1 Bc3+ 15. Kd1 Rhg8 16. Ne3 d5 17. d4 Nb4 18. Rb3 Nxa2 19. Ra3
Rd6 20. Rxa2 Rb6 21. Kc1 Rgg6 22. Nxd5 Rxg2 23. Nxb6+ cxb6 24. Ra4 Rxf2 25.
Rc4+ Kb8 26. Ne5 a6 27. Rxc3 Rxe2 28. Nd7+ Ka7 29. Rg1 a5 30. Rb3 a4 31. Ra3
b5 32. Rg5 Ka6 33. Nc5+ Ka5 34. Nxb7+ Kb4 35. Ra2 Kc3 36. Rg3+ Kc4 37. Nd6+
Kd5 38. Nxb5 Rxh2 39. c4+ Kxc4 40. Nd6+ Kb4 41. Rxh2 a3 42. Nb5 f5 43. Nxa3
f4 44. Rf3 h5 45. Rxf4 h4 46. Nb5 h3 47. d5+ Kc5 48. Rxh3 Kb6 49. Rh6+ Kc5
50. Rf5 Kb4 51. d6 Kc4 52. Rh4+ Kb3 53. Nc3 Ka3 54. d7 Kb3 55. d8=R Ka3 56.
Nd5 Kb3 57. Rc8 Ka2 58. Nf6 Kb3 59. Ng8 Ka2 60. Rf7 Kb3 61. Rh6 Ka2 62. Kd2
Kb1 63. Rb7+ Ka2 64. Ra6# {Black checkmated} 1-0

[Event "ICC tourney 1944 (30 5)"]
[Site "Internet Chess Club"]
[Date "2020.08.01"]
[Round "4"]
[White "QueenHM"]
[Black "Aqualime"]
[Result "1-0"]
[ICCResult "Black checkmated"]
[WhiteElo "1343"]
[BlackElo "1394"]
[Opening "Danish gambit"]
[ECO "C21"]
[NIC "KP.04"]
[Time "16:31:26"]
[TimeControl "1800+5"]

1. e4 e5 2. d4 exd4 3. c3 dxc3 4. Bc4 Nc6 5. Nf3 d6 6. Nxc3 Nf6 7. Ng5 Ne5
8. Bb3 h6 9. Nf3 Bg4 10. h3 Bh5 11. g4 Nfxg4 12. Nxe5 Qh4 13. Nxg4 O-O-O 14.
Bf4 f5 15. exf5 Re8+ 16. Be6+ Kb8 17. Qf3 Qe7 18. O-O-O g6 19. Rhe1 Bg7 20.
Bd5 Qd7 21. Rxe8+ Rxe8 22. Bxb7 gxf5 23. Bc6 Qe7 24. Ba8 Kc8 25. Qb7+ Kd8
26. Nd5 Qf7 27. Qb8+ Kd7 28. Qxc7+ Ke6 29. Re1+ Be5 30. Bxe5 Rxa8 31. Qxd6#
{Black checkmated}
1-0

[Event "ICC tourney 1944 (30 5)"]
[Site "Internet Chess Club"]
[Date "2020.08.01"]
[Round "4"]
[White "FlowingMelody"]
[Black "jvihaan"]
[Result "1-0"]
[ICCResult "Black checkmated"]
[WhiteElo "1299"]
[BlackElo "1276"]
[Opening "Ruy Lopez: Cozio defense"]
[ECO "C60"]
[NIC "RL.04"]
[Time "16:31:31"]
[TimeControl "1800+5"]

1. e4 e5 2. Nf3 Nc6 3. Bb5 Nge7 4. O-O g6 5. c3 Bg7 6. d4 exd4 7. cxd4 d5 8.
Nc3 dxe4 9. Nxe4 O-O 10. Be3 Bg4 11. Rc1 Nxd4 12. Bxd4 Bxd4 13. Qxd4 Bxf3
14. Qxd8 Raxd8 15. gxf3 c6 16. Bc4 Kg7 17. Rfd1 Nd5 18. Bxd5 cxd5 19. Nc3 d4
20. Ne2 d3 21. Nf4 d2 22. Rc2 Rfe8 23. Rcxd2 Re1+ 24. Rxe1 Rxd2 25. Rb1 Rd6
26. Kf1 Rf6 27. Ne2 Rxf3 28. Kg2 Rd3 29. Nc3 Kf6 30. Rd1 Rxd1 31. Nxd1 Ke6
32. Kf3 Kd5 33. Nc3+ Kd4 34. Ke2 a6 35. h3 b5 36. Kd2 b4 37. Ne2+ Ke4 38. f4
f5 39. a3 bxa3 40. bxa3 h6 41. a4 a5 42. Kc3 Ke3 43. Nd4 Kxf4 44. Kc4 Kg3
45. Kb5 Kxh3 46. Kxa5 f4 47. Kb6 g5 48. a5 g4 49. a6 g3 50. a7 g2 51. Ne2 f3
52. Ng1+ Kg3 53. a8=Q f2 54. Qa3+ Kh2 55. Nf3+ Kh1 56. Qc1+ f1=Q 57. Qxh6#
{Black checkmated}
1-0

[Event "ICC tourney 1944 (30 5)"]
[Site "Internet Chess Club"]
[Date "2020.08.01"]
[Round "4"]
[White "chessisfunsp"]
[Black "soggydollar"]
[Result "1-0"]
[ICCResult "Black resigns"]
[WhiteElo "1696"]
[BlackElo "1446"]
[Opening "Sicilian: Alapin's variation (2.c3)"]
[ECO "B22"]
[NIC "SI.46"]
[Time "16:31:27"]
[TimeControl "1800+5"]

1. e4 c5 2. c3 e6 3. d4 d5 4. exd5 Qxd5 5. Nf3 Nf6 6. Be3 cxd4 7. cxd4 Nc6
8. Nc3 Bb4 9. a3 Bxc3+ 10. bxc3 O-O 11. c4 Qd6 12. Be2 Qc7 13. O-O Rd8 14.
h3 e5 15. d5 Ne7 16. Re1 b5 17. Rc1 Bb7 18. Bg5 Ne8 19. cxb5 Qd6 20. Bxe7
Qxe7 21. Bc4 e4 22. Nd4 Bxd5 23. Bxd5 Rxd5 24. Nc6 Qd7 25. Qxd5 Qxd5 26.
Ne7+ Kf8 27. Nxd5 Nd6 28. a4 f5 29. Rc7 {Black resigns} 1-0

[Event "ICC tourney 1944 (30 5)"]
[Site "Internet Chess Club"]
[Date "2020.08.01"]
[Round "4"]
[White "tortorchess"]
[Black "Alejjandra"]
[Result "1-0"]
[ICCResult "Black resigns"]
[WhiteElo "1280"]
[BlackElo "1173"]
[Opening "Queen's pawn: Chigorin variation"]
[ECO "D00"]
[NIC "QP.08"]
[Time "16:31:26"]
[TimeControl "1800+5"]

1. d4 d5 2. Nc3 Nf6 3. Bf4 Bf5 4. Nf3 e6 5. e3 Ne4 6. Bd3 Bb4 7. Bxe4 dxe4
8. Nd2 c5 9. dxc5 Bxc3 10. bxc3 Qa5 11. O-O Qxc5 12. Rb1 b6 13. c4 O-O 14.
Qe2 Nc6 15. Rfd1 Rfd8 16. Nb3 Qe7 17. c5 bxc5 18. Qb5 Nb4 19. Qxc5 Qxc5 20.
Nxc5 Nxc2 21. h3 Na3 22. Rxd8+ Rxd8 23. Rb3 Nc4 24. Nb7 Rf8 25. Nd6 Nxd6 26.
Bxd6 Re8 27. g4 Bg6 28. Rb7 Ra8 29. Bb8 a6 30. Kf1 Kf8 31. Ke1 h5 32. Kd2
hxg4 33. hxg4 f5 34. gxf5 exf5 35. Kc3 Bf7 36. Bd6+ Ke8 37. Re7+ Kd8 38.
Rxf7 Rc8+ 39. Kb4 Rc6 40. Bf4 g6 41. Ka5 Ke8 42. Ra7 Rc2 43. Bg3 Rxa2+ 44.
Kb6 g5 45. Rxa6 Rxa6+ 46. Kxa6 Ke7 47. Kb5 Ke6 48. Kc4 f4 49. exf4 g4 50.
Kd4 Kf5 51. Kd5 Kf6 52. Kxe4 Ke6 53. f3 gxf3 54. Kxf3 Kf5 55. Bh4 Kg6 56.
Ke4 Kf7 57. Kf5 Kg7 58. Ke6 Kf8 59. f5 Ke8 60. f6 Kf8 61. f7 {Black resigns}
1-0

[Event "ICC tourney 1944 (30 5)"]
[Site "Internet Chess Club"]
[Date "2020.08.01"]
[Round "4"]
[White "sillytiger"]
[Black "Oliver0731"]
[Result "1-0"]
[ICCResult "Black resigns"]
[WhiteElo "1248"]
[BlackElo "1363"]
[Opening "English: Bremen system, Keres variation"]
[ECO "A23"]
[NIC "EO.12"]
[Time "16:32:44"]
[TimeControl "1800+5"]

1. c4 e5 2. Nc3 Nf6 3. g3 c6 4. Bg2 d5 5. Nf3 e4 6. Ng1 Bf5 7. cxd5 cxd5 8.
Qb3 d4 9. Qxb7 Nbd7 10. Nxe4 Bxe4 11. Bxe4 Rb8 12. Qc6 Rc8 13. Qb7 Nxe4 14.
Qxe4+ Be7 15. Qxd4 O-O 16. Nf3 Bf6 17. Qxa7 Rc2 18. O-O Nc5 19. Rb1 Qd5 20.
Qa5 Ra8 21. Qb5 h6 22. b4 Qe4 23. bxc5 Raxa2 24. Qb3 Qxe2 25. Ne1 Bd4 26.
Nxc2 {Black resigns} 1-0

[Event "ICC tourney 1944 (30 5)"]
[Site "Internet Chess Club"]
[Date "2020.08.01"]
[Round "4"]
[White "Threehundreds"]
[Black "RachanaB"]
[Result "1/2-1/2"]
[ICCResult "Game drawn by repetition"]
[WhiteElo "1483"]
[BlackElo "1324"]
[Opening "Caro-Kann: advance variation"]
[ECO "B12"]
[NIC "CK.04"]
[Time "16:31:24"]
[TimeControl "1800+5"]

1. e4 c6 2. d4 d5 3. e5 Bf5 4. Nf3 e6 5. Nc3 Nd7 6. Bd3 Bg6 7. a3 c5 8. Be3
a6 9. O-O b5 10. b3 cxd4 11. Bxd4 Ne7 12. a4 b4 13. Ne2 Nc6 14. Bb2 Bh5 15.
Ng3 Bxf3 16. Qxf3 Ndxe5 17. Qe2 Nxd3 18. Qxd3 e5 19. Rfe1 d4 20. Qe4 Rc8 21.
Rad1 Bc5 22. Ne2 O-O 23. Ng3 Qd7 24. c3 f5 25. Qe2 Qf7 26. cxd4 Nxd4 27.
Bxd4 Bxd4 28. Qxa6 Qxb3 29. Rb1 Qa2 30. Qe2 Qxa4 31. Rbc1 Qa7 32. Rxc8 Rxc8
33. Nxf5 Bc3 34. Rd1 b3 35. Qe3 Qc7 36. Nd6 Rd8 37. Qd3 b2 38. Qd5+ Kf8 39.
Qf3+ Kg8 40. Qd5+ Kf8 41. Qf3+ Kg8 42. Qd5+ {Game drawn by repetition}
1/2-1/2

[Event "ICC tourney 1944 (30 5)"]
[Site "Internet Chess Club"]
[Date "2020.08.01"]
[Round "4"]
[White "Mapking1"]
[Black "seaglass-chess"]
[Result "1-0"]
[ICCResult "Black resigns"]
[WhiteElo "1553"]
[BlackElo "1187"]
[Opening "French: Tarrasch, open variation, main line"]
[ECO "C09"]
[NIC "FR.22"]
[Time "16:31:25"]
[TimeControl "1800+5"]

1. e4 e6 2. d4 d5 3. Nd2 c5 4. Ngf3 Nc6 5. exd5 exd5 6. Bb5 Bd7 7. O-O Nf6
8. Re1+ Be7 9. dxc5 O-O 10. Nb3 a6 11. Bxc6 Bxc6 12. Be3 Qc7 13. c3 Rac8 14.
Qc2 Bd7 15. Bg5 Rfe8 16. Rad1 Be6 17. Bxf6 Bxf6 18. Nfd4 Bg4 19. f3 Bh5 20.
Nf5 Bg6 21. Rxe8+ Rxe8 22. Rxd5 Re5 23. Rxe5 Qxe5 24. g4 h5 25. h3 Bg5 26.
Qe4 Bf6 27. Qxe5 Bxe5 28. Ne7+ Kh7 29. Nxg6 Kxg6 30. Kf2 hxg4 31. hxg4 Kg5
32. Ke3 Kh4 33. Ke4 Bc7 34. Nd4 Bd8 35. b4 Kg5 36. a4 Kf6 37. b5 axb5 38.
axb5 Ke7 39. Kd5 Kd7 40. Nf5 f6 41. Nxg7 Ba5 42. c4 Bb4 43. f4 Bd2 44. Ne6
Be3 45. g5 fxg5 46. fxg5 {Black resigns} 1-0

[Event "ICC tourney 1944 (30 5)"]
[Site "Internet Chess Club"]
[Date "2020.08.01"]
[Round "4"]
[White "shrey16ultimate"]
[Black "SunnyCountry"]
[Result "1-0"]
[ICCResult "Black checkmated"]
[WhiteElo "1533"]
[BlackElo "1301"]
[Opening "Queen's bishop game"]
[ECO "D02"]
[NIC "QP.08"]
[Time "16:31:28"]
[TimeControl "1800+5"]

1. d4 d5 2. Nf3 Nf6 3. Bf4 e6 4. e3 Bd6 5. Bg3 a6 6. c4 c6 7. Nc3 b5 8. c5
Bc7 9. b4 a5 10. a3 a4 11. Bd3 Nbd7 12. O-O O-O 13. Qc2 Re8 14. Ne5 Nxe5 15.
Bxe5 h6 16. f4 Ng4 17. Qe2 Nxe5 18. fxe5 Qd7 19. Nxb5 Bb7 20. Nd6 Bxd6 21.
exd6 e5 22. Qf2 e4 23. Be2 Ba6 24. Bxa6 Rxa6 25. Rab1 Raa8 26. Rb2 Rab8 27.
Rfb1 Rb5 28. Rf1 Rb7 29. Qf5 Qd8 30. Rbf2 Re6 31. Qh5 Rg6 32. Rxf7 Rg5 33.
Qxg5 hxg5 34. Rxb7 Kh7 35. Rff7 Qg8 36. Rxg7+ Qxg7 37. Rxg7+ Kxg7 38. d7 g4
39. d8=Q g3 40. h4 Kf7 41. Qd6 Kg7 42. h5 Kh7 43. h6 Kh8 44. Qf8+ Kh7 45.
Qg7# {Black checkmated} 1-0

[Event "ICC tourney 1944 (30 5)"]
[Site "Internet Chess Club"]
[Date "2020.08.01"]
[Round "4"]
[White "rpughiii"]
[Black "Reyvaj0075"]
[Result "1-0"]
[ICCResult "Black resigns"]
[WhiteElo "1353"]
[BlackElo "1488"]
[Opening "Dutch: classical variation"]
[ECO "A96"]
[NIC "HD.01"]
[Time "16:37:12"]
[TimeControl "1800+5"]

1. Nf3 f5 2. d4 e6 3. c4 Nf6 4. g3 Be7 5. Bg2 O-O 6. O-O d6 7. Nbd2 c6 8. b3
Nbd7 9. Bb2 d5 10. Qc2 h6 11. Ne1 Qc7 12. Nd3 Bd6 13. Nf3 b6 14. Nfe5 Bxe5
15. Nxe5 Nxe5 16. dxe5 Ne4 17. f3 Ng5 18. h4 Nf7 19. f4 Qb7 20. Rac1 c5 21.
Rfd1 Rd8 22. Rd2 Rb8 23. Rcd1 Qe7 24. cxd5 exd5 25. Bxd5 Be6 26. e4 fxe4 27.
Qxe4 Bg4 28. Re1 Kh8 29. Qg6 Rxd5 30. Rxd5 Qe6 31. Qxe6 Bxe6 32. Rd2 h5 33.
Re3 Nh6 34. Red3 Rb7 35. Rd8+ Kh7 36. R2d6 Bf5 37. e6 Ng8 38. R8d7 Rxd7 39.
exd7 {Black resigns} 1-0

[Event "ICC tourney 1944 (30 5)"]
[Site "Internet Chess Club"]
[Date "2020.08.01"]
[Round "4"]
[White "che8642"]
[Black "UltimateDL"]
[Result "1-0"]
[ICCResult "Black checkmated"]
[WhiteElo "1391"]
[BlackElo "1236"]
[Opening "Queen's pawn: Chigorin variation"]
[ECO "D00"]
[NIC "QP.08"]
[Time "16:31:36"]
[TimeControl "1800+5"]

1. d4 d5 2. Nc3 Bf5 3. Bf4 e6 4. f3 Bb4 5. g4 Bg6 6. h4 h6 7. e3 c5 8. a3
Bxc3+ 9. bxc3 c4 10. Qb1 b6 11. Bg2 Nc6 12. e4 Nf6 13. e5 Nd7 14. Ne2 Rc8
15. h5 Bh7 16. Qc1 Qe7 17. g5 hxg5 18. Bxg5 Qf8 19. Ng3 Ne7 20. Bh3 Rg8 21.
Rf1 Rc6 22. a4 a6 23. f4 f6 24. exf6 gxf6 25. Bh4 f5 26. Bg5 Nf6 27. h6 Nc8
28. Qd1 Nd6 29. Nh5 Nxh5 30. Qxh5+ Qf7 31. Qh4 Ne4 32. Rf3 Rc7 33. Re3 Qg6
34. Ke2 Rb7 35. Bg2 Nxg5 36. fxg5 Qxg5 37. Qxg5 Rxg5 38. Rxe6+ Re7 39. Rxe7+
Kxe7 40. Bxd5 Rh5 41. Bxc4 a5 42. Bd3 Rxh6 43. Rf1 Rc6 44. c4 Kd6 45. Ke3
Bg8 46. Rxf5 Bxc4 47. Rf6+ Be6 48. Bf5 Ke7 49. Rxe6+ Rxe6+ 50. Bxe6 Kxe6 51.
Ke4 Kd6 52. c4 Kc6 53. Ke5 Kd7 54. d5 Ke7 55. d6+ Kd7 56. Kd5 Kd8 57. Kc6 b5
58. cxb5 Kc8 59. b6 Kb8 60. b7 Ka7 61. d7 Ka6 62. d8=Q Ka7 63. Qa8#
{Black checkmated}
1-0

[Event "ICC tourney 1944 (30 5)"]
[Site "Internet Chess Club"]
[Date "2020.08.01"]
[Round "4"]
[White "Liopleuradon15"]
[Black "che2468"]
[Result "0-1"]
[ICCResult "White resigns"]
[WhiteElo "1311"]
[BlackElo "1334"]
[Opening "Queen's pawn game"]
[ECO "D02"]
[NIC "QP.09"]
[Time "16:31:27"]
[TimeControl "1800+5"]

1. Nf3 d5 2. d4 Bf5 3. c4 c6 4. e3 e6 5. Nbd2 Nf6 6. Be2 Bd6 7. O-O O-O 8.
b3 Nbd7 9. Bb2 dxc4 10. bxc4 c5 11. Nh4 Bg6 12. Nxg6 hxg6 13. Nf3 cxd4 14.
exd4 Qe7 15. Ne5 Rfd8 16. Qc2 Bc7 17. Nxd7 Rxd7 18. Rfe1 Rad8 19. d5 Ba5 20.
Bc3 Bxc3 21. Qxc3 Rd6 22. dxe6 Rxe6 23. Bf3 b6 24. Rxe6 Qxe6 25. Re1 Qc8 26.
a4 Re8 27. Rxe8+ Qxe8 28. Qa1 Qe6 29. Qf1 Nd7 30. Qe2 Qxe2 31. Bxe2 Nc5 32.
Bd1 Kf8 33. Kf1 Ke7 34. Ke2 f6 35. Ke3 g5 36. Kd4 Kd6 37. f3 Ne6+ 38. Kc3
Kc5 39. g3 a6 40. h3 Nd4 41. f4 gxf4 42. gxf4 Ne6 43. f5 Nf4 44. Bg4 Ng2 45.
Bh5 Ne3 46. Bg6 Nxc4 47. Bh5 b5 48. axb5 axb5 49. Bg6 b4+ 50. Kb3 Na5+ 51.
Kb2 b3 52. Bh5 Kb4 53. Bd1 Nc4+ 54. Kb1 b2 55. Be2 Kc3 56. Bxc4 Kxc4 57.
Kxb2 Kd5 58. Kc3 Ke5 59. Kd3 Kxf5 60. Ke3 Kg5 61. Kf3 Kh4 62. Kg2 g5 63. Kh2
f5 64. Kg2 f4 65. Kh2 f3 66. Kg1 Kxh3 67. Kh1 g4 68. Kg1 g3 69. Kh1 Kg4 70.
Kg1 Kf4 71. Kf1 Ke3 72. Kg1 Ke2 73. Kh1 g2+ 74. Kg1 f2+ 75. Kxg2 f1=Q+
{White resigns}
0-1

[Event "ICC tourney 1944 (30 5)"]
[Site "Internet Chess Club"]
[Date "2020.08.01"]
[Round "4"]
[White "knighthawkmill"]
[Black "Luc2008"]
[Result "0-1"]
[ICCResult "White checkmated"]
[WhiteElo "1673"]
[BlackElo "1706"]
[Opening "Benkö gambit half accepted"]
[ECO "A57"]
[NIC "BI.45"]
[Time "16:31:29"]
[TimeControl "1800+5"]

1. d4 Nf6 2. c4 c5 3. d5 b5 4. cxb5 a6 5. b6 Qxb6 6. Nc3 d6 7. e4 g6 8. Be2
Bg7 9. Nf3 O-O 10. O-O Bg4 11. h3 Bxf3 12. Bxf3 Nbd7 13. Rb1 Ne5 14. Na4
Nxf3+ 15. Qxf3 Qb4 16. b3 Qxe4 17. Qxe4 Nxe4 18. Be3 Nc3 19. Nxc3 Bxc3 20.
Rfc1 Bb4 21. Rc2 a5 22. Bh6 Rfb8 23. Re2 Ra7 24. Rc1 Rbb7 25. Rc4 a4 26.
bxa4 Rxa4 27. Rce4 Raa7 28. g4 f6 29. Be3 Kf7 30. Rc4 Ra3 31. Rcc2 Rd3 32.
Rb2 Ra7 33. Rb3 Rxd5 34. Kg2 Ra3 35. Rb1 Re5 36. Rc2 d5 37. Bc1 Re1 38. Rxb4
cxb4 39. Bxa3 bxa3 40. Rc3 e5 41. Rxa3 e4 42. Re3 Ra1 43. a3 Ke6 44. f4 g5
45. f5+ Ke5 46. Rb3 d4 47. Rb5+ Kf4 48. Rb4 d3 49. Rb2 Ke3 50. Rb3 Ke2 51.
h4 d2 52. Rb2 Kd3 53. Rb7 d1=Q 54. Rd7+ Ke2 55. Rxd1 Rxd1 56. hxg5 fxg5 57.
a4 e3 58. a5 Rd7 59. a6 Kd1 60. f6 e2 61. a7 Rxa7 62. f7 Rxf7 63. Kh3 e1=Q
64. Kh2 Qe2+ 65. Kh3 Rf3# {White checkmated} 0-1

[Event "ICC tourney 1944 (30 5)"]
[Site "Internet Chess Club"]
[Date "2020.08.01"]
[Round "4"]
[White "CoastalJourney"]
[Black "arock"]
[Result "0-1"]
[ICCResult "White resigns"]
[WhiteElo "1303"]
[BlackElo "1538"]
[Opening "QGD Slav: exchange variation, 6.Bf4 Bf5"]
[ECO "D14"]
[NIC "SL.01"]
[Time "16:31:59"]
[TimeControl "1800+5"]

1. d4 d5 2. c4 c6 3. cxd5 cxd5 4. Nc3 Nf6 5. Nf3 Nc6 6. Bf4 Bf5 7. e3 e6 8.
Bd3 Bg6 9. O-O Bd6 10. Bg3 O-O 11. Bxg6 fxg6 12. Bxd6 Qxd6 13. h3 a6 14. Rc1
Rac8 15. Qe2 b5 16. a3 Nd7 17. Rfd1 Na5 18. e4 Nb3 19. Rc2 Rfe8 20. Nd2 Nxd4
21. Qd3 Nxc2 22. Qxc2 d4 23. Nb3 e5 24. Qd3 Qe6 25. Nd5 Nb6 26. Nxb6 Qxb6
27. Nd2 Qc5 28. Nf3 Qc2 29. Qf1 Qxb2 30. Rd2 Qxa3 31. Kh2 Qc1 32. Qe2 Qc4
33. Qd1 b4 34. Qa4 Qb5 35. Qb3+ Kh8 36. Ng5 Qc4 37. Qa4 Rf8 38. Qd7 Qc7 39.
Qxc7 Rxc7 40. Ne6 Rfc8 41. Nxc7 Rxc7 42. Ra2 Rc6 43. Ra4 Rb6 44. Kg1 b3 45.
Ra1 b2 46. Rb1 a5 47. Kf1 a4 48. Ke2 a3 49. Kd2 a2 {White resigns} 0-1